AoeStats
← christar123 ten

Arabia

509672598Analyzed
1v1 RM · 5d ago on Sep 27, 2026· 39m 52s· 2 players
Game mode
Random Map
Map size
Tiny (2 player)
Population
200
Speed
Normal
Resources
Standard
Victory
Conquest
Starting age
Dark Age
Ending age
Imperial Age
RankedLock teamsTeams togetherTeam positionsShared explorationLock speedFull tech treeHidden civsTurbo modeCheats
Victory
Defeat
🇨🇳 Magyars · China
2127
+14
🇬🇧 Lithuanians · United Kingdom
2079
-14
christar123 ten
6:33 Loom
8:38 Feudal Age
9:23 Double-Bit Axe
19:08 Castle Age
18:07 Fletching
18:36 Horse Collar
18:47 Gold Mining
19:45 Bodkin Arrow
24:07 Scale Barding Armor
24:20 Forging
25:26 Scale Barding Armor
26:28 Wheelbarrow
26:04 Bow Saw
25:23 Elite Skirmisher
27:08 Padded Archer Armor
29:02 Bloodlines
30:15 Thumb Ring
30:36 Ballistics
35:26 Imperial Age
34:16 Chain Barding Armor
35:11 Leather Archer Armor
35:06 Heavy Plow
36:47 Plate Barding Armor
36:59 Bracer
38:58 Ring Archer Armor
Zionic
6:35 Loom
8:47 Feudal Age
9:16 Double-Bit Axe
10:38 Horse Collar
19:03 Castle Age
18:32 Bloodlines
19:10 Light Cavalry
20:47 Scale Barding Armor
20:57 Husbandry
25:34 Wheelbarrow
25:12 Town Watch
26:22 Bow Saw
27:15 Stone Mining
27:16 Gold Mining
29:30 Gold Shaft Mining
29:16 Fletching
32:06 Imperial Age
30:36 Bodkin Arrow
30:41 Padded Archer Armor
31:28 Sanctity
31:40 Thumb Ring
32:28 Leather Archer Armor
32:56 Ballistics
33:08 Bracer
33:39 Recurve Bow
35:18 Parthian Tactics
36:08 Corvinian Army
37:09 Ring Archer Armor
37:40 Chemistry
37:33 Heavy Plow
38:19 Chain Barding Armor
38:33 Heavy Cavalry Archer
Connection lost

Rejoining the realm…

Still unreachable

The connection could not be restored.

Session expired

The server has moved on; the page needs a fresh start.